 Dungeon Crawl Stone Soup version 0.21-a0-369-g397cdb2 (webtiles) character file.

60 wazuzu the Ruffian (level 3, -6/27 HPs)
             Began as a Demonspawn Gladiator on Oct 15, 2017.
             Mangled by a worm (11 damage)
             ... on level 2 of the Dungeon.
             The game lasted 00:04:22 (1867 turns).

wazuzu the Ruffian (Demonspawn Gladiator)           Turns: 1867, Time: 00:04:23

Health: -6/27      AC:  6    Str: 15    XL:     3   Next: 80%
Magic:  3/3        EV: 14    Int: 13    God:
Gold:   58         SH:  0    Dex: 14    Spells: 2/2 levels left

rFire    . . .     SeeInvis .     - Unarmed
rCold    . . .     Gourm    .   (no shield)
rNeg     + . .     Faith    .   a - +0 leather armour
rPois    .         Spirit   .   k - +1 helmet of Kile {Int+4 Stlth+}
rElec    .         Reflect  .   (no cloak)
rCorr    .         Harm     .   q - +0 pair of gloves
MR       .....                  (no boots)
Stlth    ++........             (no amulet)
HPRegen  0.09/turn              j - ring of positive energy
MPRegen  0.08/turn              (no ring)

@: no status effects
A: repulsion field 1
a: no special abilities


You were on level 2 of the Dungeon.
You were not hungry.

You visited 1 branch of the dungeon, and saw 2 of its levels.

You collected 58 gold pieces.

Inventory:

Missiles
 c - 3 throwing nets (quivered)
Armour
 a - a +0 leather armour (worn)
 k - the +1 helmet of Kile (worn) {Int+4 Stlth+}
   (You took it off Robin on level 2 of the Dungeon)

   It affects your intelligence (+4).
   It makes you more stealthy.
 q - a +0 pair of gloves (worn)
Jewellery
 j - a ring of positive energy (left hand)
Wands
 h - a wand of flame (17/48)
 p - a wand of paralysis (8/24)
Scrolls
 e - a scroll of magic mapping {unknown}
 f - a scroll of amnesia {unknown}
 i - a scroll of fear {unknown}
 l - 2 scrolls of remove curse {unknown}
 m - a scroll of identify {unknown}
 o - a scroll of noise {unknown}
Potions
 b - a potion of haste
 n - a potion of resistance {unknown}
Comestibles
 d - 2 bread rations
 g - 2 meat rations


   Skills:
 - Level 2.0 Fighting
 - Level 1.7 Throwing
 - Level 2.6 Dodging
 + Level 4.3 Unarmed Combat


You had 2 spell levels left.
You didn't know any spells.

Dungeon Overview and Level Annotations

Branches:
Dungeon (2/15)

Altars:


Innate Abilities, Weirdness & Mutations

You are surrounded by a mild repulsion field. (EV +2)


Message History

You start resting.
A worm is nearby!
You hit the worm.
The worm is lightly wounded.
You hit the worm but do no damage.
The worm is lightly wounded.
The worm bites you!
You completely miss the worm. The worm closely misses you.
You hit the worm.
The worm is lightly wounded.
You barely miss the worm.
The worm is lightly wounded.
The worm bites you.
* * * LOW HITPOINT WARNING * * *
You barely miss the worm.
The worm is lightly wounded.
You hit the worm but do no damage.
The worm is lightly wounded.
The worm bites you!
You die...

#..............#.......####.#
#.....#.......#.............
##............#........##...
#............######.#.##...
##............## #.#..#...
#..............#####.#.##...
##..........................
#........w.....####........
#.........@.......'........
##+#+#..........###........
#........#.###........
###.###..[............ #.#
#.###.#......... #.#
#<..)...###....# #.#
#.......###....# #.#
#............... #.#
#....##.###....#


You could see a worm.

Vanquished Creatures
  Robin (D:2)
  An ooze (D:1)
  A dart slug (D:1)
  3 leopard geckos
  A bat (D:1)
  A giant cockroach (D:1)
  10 goblins
  6 hobgoblins
  4 jackals (D:1)
  2 kobolds (D:1)
  2 ball pythons (D:1)
  2 frilled lizards (D:1)
  3 rats (D:1)
37 creatures vanquished.

Notes
Turn   | Place    | Note
-------+----------+-------------------------------------------
     0 | D:1      | wazuzu the Demonspawn Gladiator began the quest for the Orb.
     0 | D:1      | Reached XP level 1. HP: 16/16 MP: 1/1
    46 | D:1      | Reached skill level 3 in Unarmed Combat
   329 | D:1      | Gained mutation: You are surrounded by a mild repulsion field. (EV +2) [demonic ancestry]
   329 | D:1      | Reached XP level 2. HP: 8/22 MP: 2/2
   957 | D:1      | Reached XP level 3. HP: 26/27 MP: 3/3
  1334 | D:2      | Reached skill level 4 in Unarmed Combat
  1348 | D:2      | Noticed Robin
  1409 | D:2      | HP: 1/27 [Robin/spear (5)]
  1715 | D:2      | Killed Robin
  1723 | D:2      | Got a heavily runed helmet
  1734 | D:2      | Identified the +1 helmet of Kile {Int+4 Stlth+} (You took it off Robin on level 2 of the Dungeon)
  1867 | D:2      | Mangled by a worm

Vault maps used:
D:1:      saegor_arrival_simple_f
D:2:      amethyst_overflow_temple_binary, uniq_robin

Skill      XL: |  1  2  3 |
---------------+----------+-----
Unarmed Combat | 3 4 |  4.3
Fighting       | |  2.0
Throwing       | |  1.7
Dodging        | |  2.6

Action                   || total
-------------------------++-------
Melee: Unarmed           ||   147
       Punch             ||     3
Evoke: Wand              ||     1
  Use: Potion            ||     2
 Stab: Sleeping          ||     1
       Paralysed         ||     1
  Eat: Chunk             ||     3
Armor: Leather armour    ||    30
Dodge: Dodged            ||   103

Table legend:
 A = Spawn XP
 B = Non-spawn XP
 C = Spawn XP percentage of total XP
 D = Spawn monster count
 E = Non-spawn monster count
 F = Spawn count percentage of total count
 G = Total turns spent on level
                    A         B        C        D         E        F      G
               +---------+---------+-------+---------+---------+-------+---------
         Total |       0 |      86 |   0.0 |       0 |      37 |   0.0 |  1867
               +---------+---------+-------+---------+---------+-------+---------
           D:1 |       0 |      47 |   0.0 |       0 |      23 |   0.0 |  1534
           D:2 |       0 |      39 |   0.0 |       0 |      14 |   0.0 |   333
               +---------+---------+-------+---------+---------+-------+---------
